 Dungeon Crawl Stone Soup version 0.30.0-18-gc0e69614cb (webtiles) character file.

Game seed: 459276261211669557

123 Sabo the Trooper (level 4, -3/37 HPs)
             Began as a Demonspawn Berserker on May 25, 2023.
             Was a Believer of Trog.
             Killed from afar by an orc wizard (7 damage)
             ... with a puff of flame
             ... on level 3 of the Dungeon.
             The game lasted 00:08:53 (2002 turns).

Sabo the Trooper (Demonspawn Berserker)             Turns: 2002, Time: 00:08:53

Health: -3/37      AC:  5    Str: 19    XL:     4   Next: 80%
Magic:  4/4        EV: 11    Int:  8    God:    Trog [**....]
Gold:   139        SH:  0    Dex: 13    Spells: 3/3 levels left

rFire   . . .        a - +0 hand axe
rCold   . . .        (no shield)
rNeg    . . .        k - +0 ring mail
rPois   .            (no helmet)
rElec   .            (no cloak)
rCorr   .            (no gloves)
SInv    .            (no boots)
Will    .....        (no amulet) Stlth
                     (no ring)
HPRegen 0.26/turn    (no ring)
MPRegen 0.09/turn

%: no passive effects
@: confused, on berserk cooldown, slowed, very slow
A: large bone plates 1, weakness stinger 1
a: Renounce Religion, Berserk, Trog's Hand


You were on level 3 of the Dungeon.
You worshipped Trog.
Trog was pleased with you.
You visited 1 branch of the dungeon, and saw 3 of its levels.

You collected 139 gold pieces.

Inventory:

Hand Weapons
 a - a +0 hand axe (weapon)
Missiles
 i - a throwing net (quivered)
Armour
 k - a +0 ring mail (worn)
Scrolls
 f - 2 scrolls of enchant armour
 j - a scroll of teleportation {unknown}
 l - a scroll of immolation {unknown}
 m - a scroll of blinking {unknown}
Potions
 b - a potion of curing {unknown}
 c - a potion of cancellation {unknown}
 d - 2 potions of mutation {unknown}
 e - 2 potions of berserk rage
 g - a potion of heal wounds {unknown}
 h - a potion of might {unknown}
 n - 2 potions of attraction {unknown}


   Skills:
 + Level 3.8 Fighting
 + Level 3.8 Axes
 + Level 2.0 Armour
 + Level 2.5 Dodging
 + Level 0.3 Stealth
 + Level 0.2 Shields


You had 3 spell levels left.
You didn't know any spells.
Your spell library was empty.

Dungeon Overview and Level Annotations

Branches:
Dungeon (3/15)

Altars:
Kikubaaqudgha

Shops:
D:3 (

Annotations:
D:1 1 transporter


Innate Abilities, Weirdness & Mutations

You are partially covered in large bone plates. (SH +4)
You have a small tail.


Message History

You kill the orc!
Trog accepts your kill.
You barely miss something. Something completely misses you.
The endoplasm freezes you.
You are frozen.
* * * LOW HITPOINT WARNING * * *
Items here: )) [ †.
You slash the endoplasm!
You kill the endoplasm!
Trog accepts your kill.
You miss something. You closely miss something.
Your tail-slap misses something.
Something hits you.
* * * LOW HITPOINT WARNING * * *
You barely miss something.
You hear some strange, mumbled words.
You are confused.
You closely miss something. Something hits you.
* * * LOW HITPOINT WARNING * * *
You bump into the rock wall.
You bump into the rock wall.
You feel a strong urge to attack something.
You hear some strange, mumbled words.
You are more confused.
You completely miss something. Something hits you but does no damage.
You miss something.
Your tail-slap misses something.
You are no longer berserk.
You are exhausted.
You feel yourself slow down.
You miss something.
You hear some strange, mumbled words.
A magic dart appears from out of thin air!
The magic dart hits you but does no damage.
You hear some strange, mumbled words.
You are more confused.
You closely miss something.
You hear some strange, mumbled words.
A puff of flame appears from out of thin air!
The puff of flame hits you!
You die...

..∩.. .# .#.#...#
[..#..# #. ...... #.
###...# .. .....
#.#######.#########
#.#........{@.....#
#.#........#####.##
#####'#..............
.............##.###..
........#...<.....
........####....##..
.....)†).......... ..
.......##########. #
#####+#<.).)....#


There were no monsters in sight!

Vanquished Creatures
  6 adders
  A dart slug (D:3)
  2 worms (D:2)
  3 orcs (D:3)
  2 endoplasms
  2 giant cockroaches (D:2)
  6 goblins
  6 hobgoblins
  6 jackals (D:1)
  A quokka (D:2)
  5 ball pythons
  4 bats (D:2)
  5 frilled lizards
  6 kobolds
  7 rats
62 creatures vanquished.

Notes
Turn   | Place    | Note
-------+----------+-------------------------------------------
     0 | D:1      | Sabo the Demonspawn Berserker began the quest for the Orb.
     0 | D:1      | Reached XP level 1. HP: 18/18 MP: 1/1
   166 | D:1      | Gained mutation: You have a small tail. [demonic ancestry]
   166 | D:1      | Reached XP level 2. HP: 24/24 MP: 2/2
   478 | D:1      | Reached ** piety under Trog
   727 | D:1      | Reached XP level 3. HP: 24/29 MP: 3/3
   892 | D:2      | Found an ancient bone altar of Kikubaaqudgha.
  1393 | D:2      | Gained mutation: You are partially covered in large bone
                  | plates. (SH +4) [demonic ancestry]
  1393 | D:2      | Reached XP level 4. HP: 32/36 MP: 4/4
  1972 | D:3      | Found Fecuc's Antique Weapon Shop.
  2002 | D:3      | Killed from afar by an orc wizard

Illustrated notes

Levels and vault maps discovered:
D:1:      spicycebolla_arrival_risky_transporter, layout_basic
D:2:      layout_loops_ring, basic_altar
D:3:      layout_basic, grunt_dithmenos_smoke, gammafunk_ghost_nasty_kobolds,
          serial_shops, nicolae_shop_advertising_works
          [nicolae_subvault_shop_adworks], shop, shop, shop, minmay_door_square

Skill      XL: |  1  2 |
---------------+-------+-----
Armour         | 2 |  2.0
Dodging        | 2 |  2.5
Axes           | 3 |  3.8
Fighting       | |  3.8
Stealth        | |  0.3
Shields        | |  0.2

Action                     |  1- 3 |  4- 6 || total
---------------------------+-------+-------++-------
  Melee: Hand axe          |   110 |    71 ||   181
         Tailslap          |     5 |     9 ||    14
         Punch             |     1 |       ||     1
 Invoke: Berserk           |       |     1 ||     1
    Use: Scroll            |     3 |       ||     3
   Stab: Sleeping          |     2 |       ||     2
 Armour: Animal skin       |    14 |       ||    14
         Ring mail         |     7 |    26 ||    33
  Dodge: Dodged            |    85 |    39 ||   124
  Block: Other             |       |    12 ||    12
